 Dungeon Crawl Stone Soup version 0.29.1-15-g9cfb28693d (webtiles) character file.

Game seed: 17633538215339302833

22 Heoruswealwe the Conjurer (level 2, 15/15 HPs)
             Began as a Deep Elf Conjurer on Mar 7, 2023.
             Was a Follower of Qazlal.
             Got out of the dungeon alive.
             The game lasted 00:06:19 (702 turns).

Heoruswealwe the Conjurer (Deep Elf Conjurer)        Turns: 702, Time: 00:06:19

Health: 15/15      AC:  2    Str:  4    XL:     2   Next: 68%
Magic:  8/8        EV: 12    Int: 22    God:    Qazlal [*.....]
Gold:   21         SH:  1    Dex: 13    Spells: 7/8 levels left

rFire   . . .      SeeInvis .   c - +0 dagger
rCold   . . .      Faith    .   (no shield)
rNeg    . . .      Spirit   .   a - +0 robe
rPois   .          Reflect  .   (no helmet)
rElec   .          Harm     .   (no cloak)
rCorr   .          Rampage  .   (no gloves)
Will    .....                   (no boots)
Stlth   ++........              (no amulet)
HPRegen 0.05/turn               (no ring)
MPRegen 0.11/turn               (no ring)

@: on berserk cooldown, hasted and slowed
A: no striking features
a: Renounce Religion


You escaped.
You worshipped Qazlal.
Qazlal was aware of your devotion.
You visited 1 branch of the dungeon, and saw 1 of its levels.

You collected 21 gold pieces.

Inventory:

Hand Weapons
 c - a +0 dagger (weapon)
Armour
 a - a +0 robe (worn)
Scrolls
 h - a scroll of amnesia
Potions
 b - a potion of magic
 d - a potion of haste


   Skills:
 - Level 2.4 Dodging
 - Level 2.4 Stealth
 + Level 3.9 Spellcasting
 + Level 4.9 Conjurations


You had 7 spell levels left.
You knew the following spells:

 Your Spells              Type           Power      Damage    Failure   Level
a - Magic Dart            Conj           100%       1d8       1%          1

Your spell library contained the following spells:

 Spells                   Type           Power      Damage    Failure   Level
 Searing Ray              Conj           50%        2d6       2%          2
 Dazzling Flash           Conj/Hex       30%        N/A       12%         3
 Fulminant Prism          Conj/Hex       7%         3d7       38%         4
 Iskenderun's Mystic Bla  Conj/Tloc      15%        2d5       38%         4


Dungeon Overview and Level Annotations

Branches:
Dungeon (1/15)

Altars:
Qazlal


Message History

You now have 21 gold pieces (gained 9).
HP restored.
Done exploring.
Search for what [? for help]? .
Okay, then.
You enter the shallow water.
Moving in this stuff is going to be slow.
As you read the scroll labelled UNIELIDEGHU, it crumbles to dust.
The scroll dissolves into smoke.
It was a scroll of fog.
You start waiting.
Done waiting.
As you read the scroll labelled ZUOTEH FA AXZU, it crumbles to dust.
It is a scroll of identify.
h - a scroll of amnesia
As you read the scroll labelled DIWKUHAQIH, it crumbles to dust.
Wisps of shadow whirl around you...
It was a scroll of summoning.
Press: ? - help, v - describe, . - travel
Here: an endoplasm (thunder, summoned, friendly) Some shallow water.
Okay, then.
It was a potion of haste.
You feel yourself speed up.
Your endoplasm is struck by lightning.
You kill your endoplasm!
Your endoplasm dissolves into shadows!
It was a potion of berserk rage.
A red film seems to cover your vision as you go berserk!
You feel yourself moving faster!
You feel mighty!
You are too berserk!
You start waiting.
You feel a strong urge to attack something.
You start waiting.
You feel your anger nearly subside.
You start waiting.
You are no longer berserk.
You are exhausted.
You feel yourself slow down.
It was a potion of curing.
You feel better.
There is a staircase leading out of the dungeon here.
Are you sure you want to leave the Dungeon?
This will make you lose the game!
You have escaped!

##.# #...##............##.......
#.####...##............#...##..#
#....'...##..~.~.~~...##...###..
#######...##..~≈.~.~~..#....# #.#
.....##...##..~≈.~..~..#....###.#
####.##...##.~≈.~≈~.~~.#.........
##...###...#.~~~°≈≈~~..#.###.####
.#.### ###.#...Br~≈~≈..#.........
.#.# #...#..~~@~~~...######.##.
...#####.###~..~~~.~...# #...##
.........# #~..~~~~...~#####.#..#
....###### #≈...~≈~...~#......#..
###.### #≈~.......~~#.........
###...# #≈~......~~~#.......##
...(..# #≈~.≈...~≈≈≈#.........
......# #≈≈~.....~≈≈###....##.
......#### #≈≈≈≈.~~~≈≈≈# ####.##.


You could see a friendly giant cockroach (summoned) and a friendly rat
(summoned).

Vanquished Creatures
  3 ball pythons (D:1)
  3 endoplasms (D:1)
  A giant cockroach (D:1)
  2 goblins (D:1)
  2 hobgoblins (D:1)
  A quokka (D:1)
  3 bats (D:1)
  3 frilled lizards (D:1)
  2 kobolds (D:1)
20 creatures vanquished.

Notes
Turn   | Place    | Note
-------+----------+-------------------------------------------
     0 | D:1      | Heoruswealwe the Deep Elf Conjurer began the quest for the
                  | Orb.
     0 | D:1      | Reached XP level 1. HP: 10/10 MP: 6/6
   137 | D:1      | Reached XP level 2. HP: 15/15 MP: 2/8
   406 | D:1      | Found a faded altar of an unknown god.
   426 | D:1      | Prayed at the altar of an unknown god.
   426 | D:1      | Became a worshipper of Qazlal Stormbringer
   426 | D:1      | Reached * piety under Qazlal
   702 | D:$      | Got out of the dungeon alive.

Illustrated notes

Levels and vault maps discovered:
D:1:      dpeg_arrival_more_subterranean_lakeside_camping, layout_basic,
          hellmonk_ecumenical_altar_pennies_from_heaven, minmay_pentomino_w2

Action                   || total
-------------------------++-------
Melee: Dagger            ||     2
 Cast: Magic Dart        ||    40
  Use: Scroll            ||     3
       Potion            ||     3
Armor: Robe              ||     2
Dodge: Dodged            ||     7
